 Dungeon Crawl Stone Soup version 0.30-a0-54-g2e61a25929 (webtiles) character file.

Game seed: 610200056291323485

538922 LnG the Axe Maniac (level 25, -10/257 HPs)
             Began as a Hill Orc Fighter on Sept 7, 2022.
             Was a High Priest of Uskayaw.
             Killed from afar by a black draconian knight (19 damage)
             ... with a bolt of lightning
             ... led by a green draconian monk
             ... on level 1 of the Realm of Zot.
             The game lasted 04:03:37 (53108 turns).

LnG the Axe Maniac (Hill Orc Fighter)              Turns: 53108, Time: 04:03:38

Health: -10/257    AC: 35    Str: 30    XL:     25   Next: 91%
Magic:  0/41       EV: 12    Int: 11    God:    Uskayaw [*****.]
Gold:   1818       SH:  0    Dex: 11    Spells: 24/24 levels left

rFire   . . .      SeeInvis .    E - +7 battleaxe (vamp)
rCold   . . .      Faith    .    (shield currently unavailable)
rNeg    + . .      Spirit   +    n - +10 chain mail of Tastresun {rPois}
rPois   +          Reflect  .    (no helmet)
rElec   .          Harm     .    U - +2 ratskin cloak {*Rats rPois rN+ Str-1 Int-1 Dex+1}
rCorr   .          Rampage  +    T - +0 pair of gloves of Prudence {Regen+}
Will    +....                    H - +2 pair of boots {rampage}
Stlth   ++++......               l - amulet of guardian spirit
HPRegen 1.32/turn                h - ring of magical power
MPRegen 0.27/turn                r - ring of Pantheism {MP+9 Int+4 Slay+3}

@: slowed, very slow
A: no striking features
}: 3/15 runes: decaying, serpentine, silver
a: Renounce Religion, Stomp, Line Pass, Grand Finale


You were on level 1 of the Realm of Zot.
You worshipped Uskayaw.
Uskayaw was noncommittal.
You visited 9 branches of the dungeon, and saw 41 of its levels.
You visited the Abyss 1 time.
You also visited: Bailey and Ice Cave.

You collected 4738 gold pieces.
You spent 2920 gold pieces at shops.

Inventory:

Hand Weapons
 a - a +0 war axe
 E - a +7 vampiric battleaxe (weapon)
Armour
 m - +0 gold dragon scales
 n - the +10 chain mail of Tastresun (worn) {rPois}
   (You found it on level 3 of the Dungeon)

   rPois:     It protects you from poison.
 o - a scarf of resistance
 H - a +2 pair of boots of rampaging (worn)
 T - the +0 pair of gloves of Prudence (worn) {Regen+}
   (You bought it in a shop on level 2 of the Orcish Mines)

   Regen:     It increases your rate of health regeneration.
 U - the +2 ratskin cloak (worn) {*Rats rPois rN+ Str-1 Int-1 Dex+1}
   (You found it on level 12 of the Dungeon)

   When the wearer is hurt, rats may emerge from it to assist them.
   Str:       It affects your strength (-1).
   Int:       It affects your intelligence (-1).
   Dex:       It affects your dexterity (+1).
   rPois:     It protects you from poison.
   rN:        It protects you from negative energy.
Jewellery
 h - a ring of magical power (left hand)
 l - an amulet of guardian spirit (around neck)
 r - the ring of Pantheism (right hand) {MP+9 Int+4 Slay+3}
   (You found it on level 3 of the Dungeon)

   [ring of magical power]

   Int:       It affects your intelligence (+4).
   Slay:      It affects your accuracy & damage with ranged weapons and melee
   (+3).
   MP:        It affects your magic capacity (+9).
 t - a ring of see invisible
 w - a ring of poison resistance
 Y - a ring of flight
 Z - an amulet of reflection
Wands
 f - a wand of mindburst (36)
 u - a wand of polymorph (4)
 y - a wand of charming (18)
 G - a wand of flame (31)
 K - a wand of quicksilver (4)
 N - a wand of digging (21)
 O - a wand of roots (27)
Scrolls
 c - 2 scrolls of enchant weapon
 e - 6 scrolls of fear
 i - 20 scrolls of teleportation
 j - 5 scrolls of poison
 k - 2 scrolls of brand weapon
 s - 6 scrolls of immolation
 v - 7 scrolls of fog
 x - a scroll of silence
 A - 2 scrolls of blinking
 J - 6 scrolls of vulnerability
 M - a scroll of torment
 P - 14 scrolls of identify
 S - a scroll of summoning
 V - 6 scrolls of magic mapping
 X - 4 scrolls of amnesia
Potions
 b - 10 potions of cancellation
 d - 3 potions of might
 g - 2 potions of heal wounds
 q - 8 potions of flight
 z - 14 potions of ambrosia
 B - 12 potions of lignification
 D - 4 potions of resistance
 F - 24 potions of curing
 I - 5 potions of haste
 L - 6 potions of brilliance
 Q - 5 potions of magic
 R - 8 potions of invisibility
Miscellaneous
 p - a phantom mirror
 C - a piece from Xom's chessboard (15/15)
 W - a condenser vane


   Skills:
 O Level 27 Fighting
 O Level 27 Axes
 + Level 4.2 Throwing
 + Level 20.5 Armour
 + Level 8.7 Dodging
 + Level 19.9 Stealth
 + Level 5.2 Shields


You had 24 spell levels left.
You didn't know any spells.
Your spell library contained the following spells:

 Spells                   Type           Power      Damage    Failure   Level
 Apportation              Tloc           0%         N/A       67%         1
 Magic Dart               Conj           0%         1d3       67%         1
 Necrotise                Necr           0%         1d4       67%         1
 Shock                    Conj/Air       0%         1d3       67%         1
 Slow                     Hex            0%         N/A       67%         1
 Sting                    Tmut/Pois      0%         1d3       67%         1
 Summon Small Mammal      Summ           0%         N/A       67%         1
 Blink                    Tloc           0%         N/A       80%         2
 Call Imp                 Summ           0%         N/A       80%         2
 Poisonous Vapours        Pois/Air       0%         N/A       80%         2
 Scorch                   Fire           0%         2d5       80%         2
 Searing Ray              Conj           0%         2d4       80%         2
 Static Discharge         Conj/Air       0%         3-3/arc   80%         2
 Sublimation of Blood     Necr           0%         N/A       80%         2
 Call Canine Familiar     Summ           0%         N/A       95%         3
 Confusing Touch          Hex            0%         N/A       95%         3
 Conjure Flame            Conj/Fire      0%         6-21      95%         3
 Dazzling Flash           Conj/Hex       0%         N/A       95%         3
 Ignite Poison            Fire/Tmut/Pois 0%         N/A       95%         3
 Mephitic Cloud           Conj/Pois/Air  0%         N/A       95%         3
 Portal Projectile        Hex/Tloc       0%         N/A       95%         3
 Stone Arrow              Conj/Erth      0%         3d7       95%         3
 Summon Guardian Golem    Hex/Summ       0%         N/A       95%         3
 Tukima's Dance           Hex            0%         N/A       95%         3
 Vampiric Draining        Necr           0%         2d6       95%         3
 Animate Armour           Summ/Erth      0%         N/A       100%        4
 Corpse Rot               Necr/Pois/Air  0%         N/A       100%        4
 Dispel Undead            Necr           0%         3d6       100%        4
 Flame Wave               Conj/Fire      0%         2d4       100%        4
 Fulminant Prism          Conj/Hex       0%         3d6       100%        4
 Hailstorm                Conj/Ice       0%         3d3       100%        4
 Ice Form                 Ice/Tmut       0%         N/A       100%        4
 Iskenderun's Mystic Bla  Conj/Tloc      0%         2d3       100%        4
 Leda's Liquefaction      Hex/Erth       0%         N/A       100%        4
 Olgreb's Toxic Radiance  Pois           0%         N/A       100%        4
 Passage of Golubria      Tloc           0%         N/A       100%        4
 Petrify                  Tmut/Erth      0%         N/A       100%        4
 Sticky Flame             Conj/Fire      0%         2d3       100%        4
 Summon Ice Beast         Ice/Summ       0%         N/A       100%        4
 Alistair's Intoxication  Tmut/Pois      0%         N/A       100%        5
 Blade Hands              Tmut           0%         N/A       100%        5
 Freezing Cloud           Conj/Ice/Air   0%         6-21      100%        5
 Irradiate                Conj/Tmut      0%         3d11      100%        5
 Lee's Rapid Deconstruct  Erth           0%         3d5*      100%        5
 Metabolic Englaciation   Hex/Ice        0%         N/A       100%        5
 Silence                  Hex/Air        0%         N/A       100%        5
 Summon Mana Viper        Hex/Summ       0%         N/A       100%        5
 Eringya's Noxious Bog    Tmut/Pois      0%         N/A       100%        6
 Iron Shot                Conj/Erth      0%         9d1       100%        6
 Simulacrum               Ice/Necr       0%         N/A       100%        6
 Starburst                Conj/Fire      0%         6d3       100%        6
 Statue Form              Tmut/Erth      0%         N/A       100%        6
 Summon Cactus Giant      Summ           0%         N/A       100%        6
 Dragon Form              Tmut           0%         N/A       100%        7
 Monstrous Menagerie      Summ           0%         N/A       100%        7
 Ozocubu's Refrigeration  Ice            0%         4d7       100%        7
 Borgnjor's Revivificati  Necr           0%         N/A       100%        8
 Lehudib's Crystal Spear  Conj/Erth      0%         10d2      100%        8
 Necromutation            Tmut/Necr      0%         N/A       100%        8
 Death's Door             Necr           0%         N/A       100%        9


Dungeon Overview and Level Annotations

Branches:
Dungeon (15/15)            Temple (1/1) D:5            Lair (5/5) D:9
  Swamp (4/4) Lair:3        Snake (4/4) Lair:2        Slime (0/5) Lair:5
    Orc (2/2) D:12            Elf (0/3) Orc:2        Vaults (5/5) D:14
  Crypt (0/3) Vaults:2     Depths (4/4) D:15            Zot (1/5) Depths:4
 Bailey (visited)           IceCv (visited)

Altars:
Ashenzari
Cheibriados
Dithmenos
Elyvilon
Fedhas
Gozag
Hepliaklqana
Kikubaaqudgha
Makhleb
Nemelex Xobeh
Okawaru
Qazlal
Ru
Sif Muna
Trog
Uskayaw
Vehumet
Wu Jian
Xom
Yredelemnul
Zin
The Shining One
Jiyva

Shops:
Orc:1 *   Orc:2 (*![   Snake:4 (   Vaults:1 [(   Vaults:2 :   Vaults:5 !
Depths:3 =[((   Depths:4 !*(?(

Portals:
Hell: Depths:1 Depths:2 Depths:3 Depths:4
Abyss: Depths:3 Depths:4
Pandemonium: Depths:2
Ziggurat: Depths:4
Trove: D:15 (show slimy rune of Zot)

Annotations:
Lair:5 exclusion: 3 oklob plants
Vaults:1 3 runed translucent doors, Joetwoph's ghost, veteran OgTm; quaternion's ghost, veteran MiFi; ravioli's ghost, adept FeSu
Depths:1 1 runed translucent door
Zot:1 3 runed translucent doors, drugrobin's ghost, veteran DgDe


Message History

The yellow draconian spits acid at you.
The glob of acid hits you but does no damage.
There is an open gate, spattered with blood here.
You feel much better. Something hits you but does no damage.
The white draconian breathes frost at you.
The blast of cold hits you!
* * * LOW HITPOINT WARNING * * *
The green draconian monk hits you.
* * * LOW HITPOINT WARNING * * *
The green draconian monk kicks you but does no damage.
The green draconian monk tail-slaps you but does no damage.
The green draconian monk tail-slaps you.
* * * LOW HITPOINT WARNING * * *
The green draconian hits you but does no damage.
The yellow draconian hits you but does no damage.
The black draconian hits you with a +0 mace!
* * * LOW HITPOINT WARNING * * *
A bolt of lightning appears from out of thin air!
The bolt of lightning hits you!
* * * LOW HITPOINT WARNING * * *
The bolt of lightning misses you. The yellow draconian barely misses you.
The white draconian hits you with a +2 war axe of flaming!
* * * LOW HITPOINT WARNING * * *
The white draconian burns you.
* * * LOW HITPOINT WARNING * * *
A hell rat scurries out from under your cloak.
The green draconian barely misses your hell rat.
The green draconian completely misses your hell rat.
The white draconian hits you from afar with a +0 halberd!
* * * LOW HITPOINT WARNING * * *
The green draconian monk hits you.
* * * LOW HITPOINT WARNING * * *
The green draconian monk kicks you but does no damage.
The green draconian monk tail-slaps you but does no damage.
The green draconian monk misses you.
The green draconian hits you but does no damage.
The black draconian hits you but does no damage.
A bolt of lightning appears from out of thin air!
The bolt of lightning hits you!!
You die...

............(.....#
....########....#.#
...## ...###..#.##
..## ....!##....#
.## ......##...# ##
.......#...#
#.....##..#
#...rd#..#
#.dd{@..# #..dqdd.#
##....'.##
#..X..#.#
#...).##.#
.........#...
........##....
.......## .....
.....## #......


You could see a tentacled monstrosity, a green draconian monk (ally target), a
black draconian, a yellow draconian, 2 draconians, 2 draconians and a friendly
hell rat.

Vanquished Creatures
  A dread lich (Vaults:5)
  3 ancient liches (Vaults:5)
  Mara (Depths:1)
  2 juggernauts
  Sojobo (Depths:1)
  Saint Roka (Orc:2)
  2 golden dragons
  the Enchantress (Depths:3)
  A bone dragon (Depths:4)
  An electric golem (Zot:1)
  2 hellephants
  7 tentacled monstrosities
  A walking earthen tome (Depths:1)
  Zenata (Vaults:1)
  Asterion (Vaults:1)
  2 titans (Vaults:5)
  A walking frostbound tome (Depths:2)
  A quicksilver dragon (Zot:1)
  6 liches
  2 death cobs (Zot:1)
  6 shadow dragons
  5 sphinxes
  4 tengu reavers
  4 tentacled starspawn (Abyss:2)
  2 storm dragons
  8 nagarajas
  4 fire giants
  Donald (Orc:2)
  A thorn hunter (Swamp:4)
  2 draconian knights (Depths:4)
  3 frost giants
  14 vault wardens
  2 iron dragons (Vaults:5)
  A deep elf sorcerer (Vaults:5)
  A caustic shrike zombie (Depths:3)
  A ghost moth (Zot:1)
  Louise (Swamp:3)
  36 very ugly things
  4 orc warlords
  3 spriggan defenders (Depths:3)
  19 ironbound preservers
  7 vampire knights
  6 war gargoyles
  A caustic shrike skeleton (Depths:3)
  16 stone giants
  6 ironbound thunderhulks
  3 eleionomae
  2 deep elf demonologists
  16 dire elephants
  A deep elf annihilator (Vaults:5)
  3 black draconians
  A bunyip (Swamp:1)
  A white draconian (Zot:1)
  A red draconian (Depths:4)
  2 green draconians (Depths:4)
  6 spark wasps
  A yellow draconian (Depths:4)
  2 purple draconians
  Snorg (Orc:2)
  2 deep elf death magi (Vaults:5)
  8 ettins
  A merfolk javelineer (Depths:1)
  A shambling mangrove (Swamp:4)
  6 jiangshi
  5 great orbs of eyes
  3 boulder beetles
  6 rakshasas
  7 yaktaur captains
  2 ghost crabs
  A deep elf high priest (Depths:4)
  20 hydras
  2 ogre magi
  3 spriggan air magi
  A peacekeeper (Vaults:1)
  An anaconda (shapeshifter) (Vaults:4)
  3 ice dragons
  4 salamander tyrants
  38 vault guards
  7 alligators
  7 two-headed ogres
  3 catoblepae
  A death knight (D:14)
  3 ironbound frosthearts
  26 naga warriors
  17 anacondas
  3 deep troll shamans
  6 centaur warriors
  6 death yaks (Lair:5)
  9 hell hogs
  2 vampire magi
  A deep troll earth mage (Depths:2)
  6 spriggan berserkers
  8 naga sharpshooters
  Nergalle (D:10)
  A storm dragon zombie (Depths:3)
  5 tengu warriors
  A soul eater (Depths:2)
  15 spriggans
  9 shock serpents
  A wretched star (Abyss:2)
  3 hell knights
  A titan skeleton (Depths:1)
  4 salamander mystics
  3 iron trolls
  3 golden dragon zombies
  A sixfirhy (Abyss:2)
  4 flayed ghosts
  A spark wasp zombie (Depths:3)
  2 goliath frogs
  A bunyip zombie (Abyss:2)
  A shadow wraith (Vaults:5)
  3 spriggan druids (Swamp:4)
  A storm dragon skeleton (Depths:3)
  64 deep trolls
  20 naga ritualists
  3 sea snakes (Snake:4)
  13 swamp dragons
  4 glowing orange brains
  11 lindwurms
  5 bog bodies
  A harpy (Vaults:3)
  6 phantasmal warriors
  5 large abominations (Abyss:2)
  9 wizards
  15 ironbound convokers
  4 necromancers
  15 orc knights
  4 deep elf pyromancers
  9 mana vipers
  56 ugly things
  7 deep elf zephyrmancers (D:11)
  An orc sorcerer (D:12)
  An iron dragon zombie (Depths:3)
  5 cyclopes
  4 will-o-the-wisps
  A frost giant zombie (Depths:3)
  13 salamanders
  2 tengu skeletons (Depths:3)
  6 moths of wrath (Zot:1)
  A worldbinder (Abyss:2)
  A sphinx skeleton (Depths:3)
  Maurice (D:10)
  2 manticores (D:14)
  12 elephants
  27 naga magi
  2 frost giant skeletons (Depths:1)
  7 guardian serpents
  19 vault sentinels
  A fire giant skeleton (Depths:1)
  A torpor snail (shapeshifter) (Vaults:5)
  41 black mambas
  A smoke demon (Abyss:2)
  A stone giant skeleton (Depths:1)
  An apocalypse crab (Abyss:2)
  2 orange demons
  4 cane toads
  A rime drake (shapeshifter) (D:15)
  18 yaktaurs
  3 kobold demonologists
  6 freezing wraiths
  A tormentor (Depths:2)
  7 komodo dragons
  An unseen horror (D:12)
  An ice devil (Depths:2)
  2 tengu conjurers
  8 rime drakes
  2 ancient zymes (Abyss:2)
  A hellwing (Abyss:2)
  A queen bee (Lair:4)
  A red devil (Depths:2)
  3 meliai
  3 tyrant leeches
  14 hornets
  11 trolls
  15 blink frogs
  3 polar bears
  27 slime creatures
  A jumping spider (shapeshifter) (Vaults:5)
  A shadow (Abyss:2)
  2 water elementals
  4 flying skulls (Depths:3)
  16 yaks
  A culicivora (D:14)
  2 vampires
  2 wyverns
  A chaos spawn (Abyss:2)
  7 wraiths
  A golden eye (shapeshifter) (D:15)
  A steam dragon (D:7)
  2 redbacks (D:14)
  9 basilisks
  17 vampire mosquitoes
  56 nagas
  A swamp worm (shapeshifter) (Vaults:5)
  2 glowing shapeshifter zombies (Depths:3)
  A warg (Vaults:5)
  Edmund (D:4)
  12 swamp worms
  3 tengu zombies
  4 acid dragons
  22 water moccasins
  A glowing shapeshifter skeleton (Depths:3)
  A floating eye (Depths:2)
  2 black bears
  43 orc warriors
  5 swamp drakes
  11 ogres
  17 wolves
  5 boggarts (D:15)
  15 centaurs
  6 small abominations (Abyss:2)
  7 kobold brigands
  12 bullfrogs
  A gnoll sergeant (D:9)
  5 scorpions
  9 wights
  46 killer bees
  3 lindwurm simulacra (IceCv)
  4 howler monkeys
  2 electric eels
  A quasit (Abyss:2)
  15 orc priests
  7 jellies
  5 komodo dragon simulacra (IceCv)
  5 hounds
  A gnoll bouda (D:5)
  17 orc wizards
  Terence (D:2)
  19 gnolls
  An acid dragon simulacrum (IceCv)
  8 adders
  2 shadow imps (D:7)
  2 white imps
  3 ufetubi
  3 steam dragon simulacra (IceCv)
  A worm (D:2)
  4 dart slugs
  105 orcs
  8 endoplasms
  3 giant cockroaches
  8 goblins
  5 hobgoblins
  2 jackals (D:5)
  3 quokkas
  2 ball pythons
  6 bats
  4 frilled lizards
  18 kobolds
  6 rats
  A spectral orc (D:4)
  3 starspawn tentacles (Abyss:2)
1686 creatures vanquished.

Vanquished Creatures (collateral kills)
  A shadow dragon (Depths:4)
  A very ugly thing (Depths:1)
  A dire elephant (Vaults:2)
  A shambling mangrove (Swamp:3)
  A peacekeeper (Vaults:3)
  An anaconda (Snake:2)
  A salamander tyrant (Snake:4)
  A salamander mystic (Snake:4)
  A salamander (Snake:2)
  3 black mambas (Snake:2)
  A meliai (Lair:4)
  A slime creature (D:14)
  A wraith (D:14)
  A redback (D:14)
  2 wolves (Lair:3)
  An orc (Orc:2)
19 creatures vanquished.

Vanquished Creatures (others)
  An eleionoma (Swamp:1)
  A dire elephant (Vaults:2)
  An ettin (Vaults:5)
  An alligator (Swamp:3)
  A wizard (Vaults:2)
  A tengu conjurer (Depths:2)
  2 bloated husks (Swamp:2)
  A hornet (Swamp:3)
  A killer bee (D:9)
  An orc wizard (Vaults:5)
  22 foxfires
  66 fungi
  68 plants
  6 starspawn tentacles (Abyss:2)
  4 withered plants (Vaults:1)
177 creatures vanquished.

Grand Total: 1882 creatures vanquished

Notes
Turn   | Place    | Note
-------+----------+-------------------------------------------
     0 | D:1      | LnG the Hill Orc Fighter began the quest for the Orb.
     0 | D:1      | Reached XP level 1. HP: 19/19 MP: 1/1
   114 | D:1      | Found a faded altar of an unknown god.
   354 | D:1      | Reached XP level 2. HP: 27/27 MP: 2/2
  1275 | D:2      | Reached XP level 3. HP: 33/33 MP: 3/3
  1445 | D:2      | Noticed Terence
  1460 | D:2      | Killed Terence
  1460 | D:2      | HP: 1/33 [goblin/+0 club (3)]
  1461 | D:2      | Reached XP level 4. HP: 1/40 MP: 4/4
  2264 | D:3      | Identified the +10 chain mail of Tastresun {rPois}
  2526 | D:3      | Identified the ring of Pantheism {MP+9 Int+4 Slay+3}
  2916 | D:4      | Noticed a scorpion
  2918 | D:4      | Noticed an ogre
  2968 | D:3      | Killed a scorpion
  2969 | D:3      | Reached skill level 5 in Axes
  2969 | D:3      | Reached skill level 1 in Dodging
  2969 | D:3      | Reached XP level 5. HP: 38/46 MP: 5/5
  3106 | D:4      | Killed an ogre
  3107 | D:4      | Reached XP level 6. HP: 52/52 MP: 6/6
  3384 | D:4      | Found a hazy altar of Hepliaklqana.
  3699 | D:5      | Entered Level 5 of the Dungeon
  3706 | D:5      | Noticed Edmund
  3733 | D:4      | Killed Edmund
  3734 | D:4      | Reached XP level 7. HP: 51/60 MP: 7/7
  3802 | D:5      | Reached skill level 5 in Fighting
  3945 | D:5      | Reached skill level 5 in Armour
  4063 | D:5      | Reached XP level 8. HP: 59/68 MP: 8/8
  4448 | D:5      | Found a staircase to the Ecumenical Temple.
  4477 | Temple   | Entered the Ecumenical Temple
  4571 | Temple   | Became a worshipper of Uskayaw the Reveller
  4687 | D:5      | Reached * piety under Uskayaw
  4704 | D:5      | Reached ** piety under Uskayaw
  4896 | D:5      | Reached skill level 1 in Stealth
  5310 | D:6      | Reached *** piety under Uskayaw
  5315 | D:6      | Reached **** piety under Uskayaw
  5577 | D:6      | Reached skill level 10 in Axes
  6124 | D:7      | Reached ***** piety under Uskayaw
  6135 | D:7      | Reached XP level 9. HP: 46/75 MP: 9/9
  6527 | D:7      | Reached skill level 5 in Shields
  7150 | D:8      | Found an opulent altar of Gozag.
  7283 | D:8      | Noticed a two-headed ogre
  7288 | D:8      | Killed a two-headed ogre
  7364 | D:8      | Reached XP level 10. HP: 84/86 MP: 10/10
  8000 | D:9      | Found a staircase to the Lair.
  8598 | D:9      | Noticed a two-headed ogre
  8604 | D:9      | Killed a two-headed ogre
  8730 | D:9      | Found a white marble altar of Elyvilon.
  8736 | D:9      | Found a glowing golden altar of the Shining One.
  8736 | D:9      | Found a shimmering blue altar of Sif Muna.
  8737 | D:9      | Found a snail-covered altar of Cheibriados.
  9328 | D:9      | Reached XP level 11. HP: 86/95 MP: 11/11
  9585 | D:10     | Entered Level 10 of the Dungeon
  9672 | D:10     | Found a flagged portal.
  9693 | Bailey   | Entered a bailey
 10118 | D:10     | Noticed a two-headed ogre
 10127 | D:10     | Killed a two-headed ogre
 10128 | D:10     | Reached skill level 15 in Axes
 10595 | D:10     | Noticed Nergalle
 10604 | D:10     | Killed Nergalle
 10752 | D:10     | Noticed Maurice
 10761 | D:10     | Killed Maurice
 11479 | D:11     | Noticed a deep elf zephyrmancer
 11479 | D:11     | Noticed a deep elf zephyrmancer
 11479 | D:11     | Noticed a deep elf pyromancer
 11479 | D:11     | Noticed a deep elf zephyrmancer
 11480 | D:11     | Noticed a deep elf zephyrmancer
 11480 | D:11     | Noticed a deep elf zephyrmancer
 11480 | D:11     | Noticed a cyclops
 11480 | D:11     | Noticed a deep elf zephyrmancer
 11481 | D:11     | Noticed a deep elf zephyrmancer
 11481 | D:11     | Noticed a deep elf pyromancer
 11481 | D:11     | Noticed a deep elf pyromancer
 11486 | D:11     | Killed a deep elf pyromancer
 11487 | D:11     | Reached skill level 5 in Stealth
 11490 | D:11     | Killed a deep elf zephyrmancer
 11490 | D:11     | Killed a deep elf zephyrmancer
 11490 | D:11     | Killed a deep elf zephyrmancer
 11493 | D:11     | Killed a deep elf pyromancer
 11493 | D:11     | Reached ****** piety under Uskayaw
 11494 | D:11     | Killed a cyclops
 11495 | D:11     | Killed a deep elf zephyrmancer
 11495 | D:11     | Noticed a white ugly thing
 11496 | D:11     | Reached XP level 12. HP: 43/106 MP: 11/12
 11505 | D:11     | Reached skill level 10 in Fighting
 11846 | D:11     | Reached skill level 10 in Armour
 11920 | D:11     | Noticed a two-headed ogre
 11926 | D:11     | Killed a two-headed ogre
 13123 | D:12     | Found a staircase to the Orcish Mines.
 13722 | D:12     | Found the +2 ratskin cloak {*Rats rPois rN+ Str-1 Int-1
                  | Dex+1}
 14216 | D:13     | Noticed a centaur warrior
 14226 | D:13     | Killed a centaur warrior
 14324 | D:13     | Noticed a centaur warrior
 14334 | D:13     | Killed a centaur warrior
 15071 | D:13     | Reached XP level 13. HP: 116/116 MP: 13/13
 15924 | D:14     | Found a gate to the Vaults.
 15924 | D:14     | Noticed a vault guard
 15924 | D:14     | Noticed a vault guard
 15924 | D:14     | Noticed a vault guard
 15924 | D:14     | Noticed a vault guard
 15930 | D:14     | Killed a vault guard
 15941 | D:14     | Killed a vault guard
 15941 | D:14     | Killed a vault guard
 15941 | D:14     | Killed a vault guard
 16452 | D:15     | Entered Level 15 of the Dungeon
 16807 | D:15     | Reached XP level 14. HP: 127/127 MP: 14/14
 17069 | D:15     | Identified the +5 long sword "Xiunof" {freeze, *Corrode
                  | rElec rF+ Int+5}
 17418 | D:15     | Found a portal to a secret trove of treasure.
 17533 | D:15     | Found a staircase to the Depths.
 17533 | D:15     | Noticed a stone giant
 17540 | D:15     | Killed a stone giant
 17759 | Lair:1   | Entered Level 1 of the Lair of Beasts
 17893 | Lair:1   | Identified the +7 sling of War {flame, rCorr}
 18918 | Lair:2   | Identified the +3 great mace of Qojave Tosy {drain, rPois
                  | rF- MP+9}
 18950 | Lair:2   | Found a frozen archway.
 18961 | IceCv    | Entered an ice cave
 19582 | Lair:2   | Found a staircase to the Snake Pit.
 21212 | Lair:3   | Found a staircase to the Swamp.
 21857 | Lair:4   | Reached XP level 15. HP: 139/139 MP: 15/15
 22616 | Lair:5   | Entered Level 5 of the Lair of Beasts
 22732 | Lair:5   | Reached skill level 15 in Fighting
 22808 | Lair:5   | Found a viscous altar of Jiyva.
 22808 | Lair:5   | Found a staircase to the Slime Pits.
 24022 | Orc:1    | Entered Level 1 of the Orcish Mines
 24034 | Orc:1    | Paralysed by an orc sorcerer for 5 turns
 24273 | Orc:1    | Found Wuikiona's Assorted Antiques.
 24289 | Orc:1    | Bought a potion of heal wounds for 155 gold pieces
 24575 | Orc:1    | Noticed an orc warlord
 24588 | Orc:1    | Killed an orc warlord
 25028 | Orc:2    | Entered Level 2 of the Orcish Mines
 25164 | Orc:2    | Found a staircase to the Elven Halls.
 25176 | Orc:2    | Noticed Snorg
 25183 | Orc:2    | Killed Snorg
 25230 | Orc:2    | Found Diry's General Store.
 25230 | Orc:2    | Found Kathrev's Distillery.
 25232 | Orc:2    | Found Hieqeg's Antique Armour Shop.
 25234 | Orc:2    | Found Xionag's Weapon Emporium.
 25238 | Orc:2    | Bought a potion of invisibility for 136 gold pieces
 25238 | Orc:2    | Bought a potion of lignification for 51 gold pieces
 25238 | Orc:2    | Bought a scroll of brand weapon for 161 gold pieces
 25238 | Orc:2    | Bought a potion of degeneration for 17 gold pieces
 25276 | Orc:2    | Bought a potion of curing for 45 gold pieces
 25276 | Orc:2    | Bought 2 potions of curing for 90 gold pieces
 25276 | Orc:2    | Bought a potion of heal wounds for 75 gold pieces
 25278 | Orc:2    | Bought a pair of warped gloves for 256 gold pieces
 25278 | Orc:2    | Identified the +0 pair of gloves of Prudence {Regen+} (You
                  | bought it in a shop on level 2 of the Orcish Mines)
 25311 | Orc:2    | Noticed Donald
 25370 | Orc:2    | Killed Donald
 25536 | Orc:2    | Noticed Saint Roka
 25567 | Orc:2    | Killed Saint Roka
 25568 | Orc:2    | Reached skill level 10 in Stealth
 25568 | Orc:2    | Reached XP level 16. HP: 66/152 MP: 10/16
 26250 | Snake:1  | Entered Level 1 of the Snake Pit
 27624 | Snake:2  | Noticed a nagaraja
 27647 | Snake:2  | Killed a nagaraja
 28314 | Snake:2  | Reached skill level 5 in Dodging
 28391 | Snake:2  | Noticed a nagaraja
 28460 | Snake:2  | Killed a nagaraja
 28548 | Snake:2  | Got the Incunable of the Energetic Snowflakes
 28605 | Snake:2  | Reached XP level 17. HP: 161/163 MP: 17/17
 28638 | Snake:2  | Reached XP level 18. HP: 172/172 MP: 18/18
 29391 | Snake:3  | Reached skill level 15 in Armour
 30306 | Snake:4  | Entered Level 4 of the Snake Pit
 30725 | Snake:4  | Found Nyomifos's Weapon Emporium.
 31666 | Snake:4  | Reached XP level 19. HP: 155/183 MP: 19/19
 31675 | Snake:4  | Reached skill level 1 in Throwing
 31766 | Snake:4  | Got a serpentine rune of Zot
 32785 | Swamp:1  | Entered Level 1 of the Swamp
 34170 | Swamp:3  | Noticed a tentacled monstrosity
 34193 | Swamp:3  | Killed a tentacled monstrosity
 34519 | Swamp:3  | Noticed Louise
 34519 | Abyss:2  | Cast into level 2 of the Abyss (Louise)
 34625 | Abyss:2  | Found a shimmering altar of Xom.
 34870 | Swamp:3  | Escaped the Abyss
 34902 | Swamp:3  | Killed Louise
 35024 | Swamp:4  | Entered Level 4 of the Swamp
 35327 | Swamp:4  | Reached XP level 20. HP: 198/198 MP: 20/20
 35718 | Swamp:4  | Got a decaying rune of Zot
 36314 | Depths:1 | Entered Level 1 of the Depths
 36322 | Depths:1 | Noticed Sojobo
 36335 | Depths:1 | Killed Sojobo
 36353 | Depths:1 | Noticed Mara
 36361 | Depths:1 | Killed Mara
 37248 | Depths:1 | Found a runed translucent door.
 37413 | Depths:1 | Noticed a hellephant
 37413 | Depths:1 | Noticed a hellephant
 37430 | Depths:1 | Noticed a hellephant
 37666 | D:15     | Killed a hellephant
 37932 | Depths:1 | Killed a hellephant
 38301 | Depths:1 | Found a gateway to Hell.
 38834 | Depths:2 | Identified the +12 arbalest of Sivemosm {flame, rElec rF+
                  | Str+4 Stlth+}
 38859 | Depths:2 | Noticed a juggernaut
 38860 | Depths:2 | Paralysed by a sphinx for 4 turns
 38875 | Depths:2 | Killed a juggernaut
 38877 | Depths:2 | Paralysed by a floating eye for 3 turns
 38893 | Depths:2 | Paralysed by a floating eye for 2 turns
 39166 | Depths:2 | Paralysed by a floating eye for 4 turns
 39319 | Depths:2 | Reached XP level 21. HP: 208/209 MP: 21/21
 39506 | Depths:2 | Found a one-way gate leading to the halls of Pandemonium.
 42179 | Depths:3 | Found Ezeasauz's Antique Armour Emporium.
 42181 | Depths:3 | Found Pupsad's Antique Weapon Shoppe.
 42181 | Depths:3 | Found Byomieh's Jewellery Emporium.
 42184 | Depths:3 | Found Foirim's Weapon Shoppe.
 42188 | Depths:3 | Found the +1 cloak of Starlight {*Dazzle EV+4 Stlth--}
 42207 | Depths:3 | Noticed the Enchantress
 42220 | Depths:3 | Killed the Enchantress
 42267 | Depths:3 | Identified the +10 shortbow of Olliutod {vorpal, rPois rN+}
 42270 | Depths:3 | Reached skill level 27 in Axes
 42279 | Depths:3 | Reached skill level 15 in Stealth
 42376 | Depths:3 | Found a one-way gate to the infinite horrors of the Abyss.
 42699 | Depths:4 | Entered Level 4 of the Depths
 42764 | Depths:4 | Found Ryrere Cerr's Assorted Antiques.
 42767 | Depths:4 | Bought a potion of heal wounds for 150 gold pieces
 42807 | Depths:4 | Noticed a juggernaut
 42809 | Depths:4 | Found a one-way gateway to a ziggurat.
 42839 | Depths:4 | Killed a juggernaut
 43421 | Depths:4 | Found Usemuupeda's Antique Weapon Shoppe.
 43484 | Depths:4 | Bought a jewelled broad axe for 225 gold pieces
 43484 | Depths:4 | Identified the +8 broad axe of Truncation {flame, rF- rC+
                  | rCorr Str+2} (You bought it in a shop on level 4 of the
                  | Depths)
 43608 | Depths:4 | Reached XP level 22. HP: 220/220 MP: 22/22
 43826 | Depths:4 | Found Purum's Magic Scroll Shoppe.
 43842 | Depths:4 | Bought a scroll of blinking for 105 gold pieces
 43842 | Depths:4 | Bought a scroll of fear for 56 gold pieces
 43877 | Depths:4 | Found Daloblub's Distillery.
 43897 | Depths:4 | Bought a potion of curing for 48 gold pieces
 43897 | Depths:4 | Bought a potion of haste for 160 gold pieces
 43897 | Depths:4 | Bought a potion of cancellation for 128 gold pieces
 43897 | Depths:4 | Bought a potion of curing for 48 gold pieces
 43897 | Depths:4 | Bought a potion of might for 64 gold pieces
 43897 | Depths:4 | Bought a potion of haste for 160 gold pieces
 43897 | Depths:4 | Bought a potion of curing for 48 gold pieces
 44006 | Depths:4 | Found Ginoysiq's Weapon Boutique.
 44137 | Depths:4 | Got the Lessons on Frozen Toxicity
 44153 | Depths:4 | Found a gate to the Realm of Zot.
 44153 | Depths:4 | Noticed a golden dragon
 44161 | Depths:4 | Killed a golden dragon
 44597 | Vaults:1 | Entered Level 1 of the Vaults
 44905 | Vaults:1 | Noticed Zenata
 44909 | Vaults:1 | Killed Zenata
 45185 | Vaults:1 | Found Udghodoll's Weapon Shop.
 45284 | Vaults:1 | Found Cofimixzyj's Armour Shop.
 45571 | Vaults:1 | Noticed Asterion
 45579 | Vaults:1 | Killed Asterion
 46124 | Vaults:1 | Found a runed translucent gate.
 46125 | Vaults:1 | Found a runed translucent gate.
 46125 | Vaults:1 | Found a runed translucent gate.
 46125 | Vaults:1 | Noticed quaternion's ghost (veteran MiFi)
 46126 | Vaults:1 | Noticed Joetwoph's ghost (veteran OgTm)
 46489 | Vaults:1 | Noticed ravioli's ghost (adept FeSu)
 47538 | Vaults:2 | Found a staircase to the Crypt.
 47548 | Vaults:2 | Found Voibaf's Book Shop.
 47761 | Vaults:2 | Identified the +6 quarterstaff of the Final Chapter {flame,
                  | rC+ Str-4 Dex+7}
 47845 | Vaults:2 | Reached XP level 23. HP: 234/234 MP: 23/23
 50357 | Vaults:4 | Identified the +1 rapier of Igrom {vorpal, Contam rF+
                  | Stlth+}
 50928 | Vaults:5 | Entered Level 5 of the Vaults
 50971 | Vaults:5 | Reached XP level 24. HP: 246/246 MP: 17/23
 50985 | Vaults:5 | Noticed a dread lich
 50989 | Vaults:5 | Noticed an ancient lich
 51005 | Vaults:5 | Killed a dread lich
 51008 | Vaults:5 | Killed an ancient lich
 51019 | Vaults:5 | Noticed an ancient lich
 51028 | Vaults:5 | Killed an ancient lich
 51043 | Vaults:5 | Reached skill level 27 in Fighting
 51091 | Vaults:5 | Noticed an ancient lich
 51112 | Vaults:5 | Killed an ancient lich
 51481 | Vaults:5 | Got Miame's Tome of the Boulder and Dislocation
 51497 | Vaults:5 | Identified the +1 leather armour "Det Pofo" {rElec rC-
                  | Will- Regen+ MP+9}
 51720 | Vaults:5 | Identified the +8 ring mail "Ymeusurot" {Will++ Dex-2}
 51743 | Vaults:5 | Got the Anthology of Lofty Toxins
 51923 | Vaults:5 | Identified the +7 rapier "Waestuny" {vorpal, Str+4}
 51981 | Vaults:5 | Got a silver rune of Zot
 52141 | Vaults:5 | Found Ugheocam's Distillery.
 52149 | Vaults:5 | Bought a potion of experience for 700 gold pieces
 52149 | Vaults:5 | Bought a potion of curing for 42 gold pieces
 52153 | Vaults:5 | Reached XP level 25. HP: 257/257 MP: 23/23
 52211 | Vaults:5 | Identified the +8 flail "Ettee" {venom, *Slow Will+ Int+2}
 52750 | Zot:1    | Entered Level 1 of the Realm of Zot
 52794 | Zot:1    | Found a runed translucent gate.
 52820 | Zot:1    | Found a runed translucent gate.
 52820 | Zot:1    | Found a runed translucent gate.
 53048 | Zot:1    | Noticed drugrobin's ghost (veteran DgDe)
 53108 | Zot:1    | HP: 11/257 [white draconian/+0 halberd (12)]
 53108 | Zot:1    | Killed from afar by a black draconian knight

Illustrated notes

Levels and vault maps discovered:
D:1:      dpeg_arrival_castle, layout_loops_corners, basic_ecumenical_altar
D:2:      minmay_spotlight, layout_loops_ring, minmay_misc_feat_four_crosses,
          minivault_19, uniq_terence
D:3:      layout_loops_ring
D:4:      layout_cave_pools, nicolae_hepliaklqana_monster_ancestors,
          kennysheep_path_1
D:5:      layout_basic, minmay_temple_entry_proselytizer, kennysheep_boxes,
          uniq_edmund
D:6:      layout_layer_cave, kennysheep_generic_room_11
D:7:      layout_loops_cross, nicolae_fountain_basement
D:8:      layout_basic, nicolae_gozag_seed_capital
D:9:      layout_basic, chequers_temple_overflow_statue_of_worship,
          due_lair_maze_entry_diamond, nicolae_titane
D:10:     layout_basic, enter_bailey_4, uniq_nergalle, uniq_maurice
D:11:     layout_roguey, elves_outpost_lemuel
D:12:     layout_stronghold, hiddenorc2_lemuel
D:13:     layout_irregular_city
D:14:     layout_irregular_city, lightli_vaults_fourway_checkpoint
D:15:     grunt_enter_depths_snipers, layout_long_grid,
          nicolae_trove_entry_diagonal, minmay_misc_feat_rugged
Temple:   nicolae_temple_slightly_damp_pantheon
Lair:1:   layout_cave_pods
Lair:2:   layout_regular_city, minmay_snake_entry_guardpost_small,
          portal_ice_cave_rime
Lair:3:   layout_gridlike, swamp_mist_pool, grunt_megastairs_5,
          lemuel_fruit_tree
Lair:4:   layout_gridlike, special_room [special_room_bee]
Lair:5:   grunt_lair_end_beastmaster, layout_loops_ring,
          nicolae_slime_entry_slimehenge, dpeg_oklob_1,
          infiniplex_staircase_pool
Swamp:1:  layout_falls_marsh, evilmike_swamp_ruin_house_2, swamp_pool5
Swamp:2:  layout_basic_swamp, evilmike_swamp_ruin_house_3, swamp_pool1
Swamp:3:  layout_basic_swamp, nicolae_swamp_feature_on_the_river_bank,
          uniq_louise
Swamp:4:  swamp_alternative, layout_basic_swamp, infiniplex_staircase_pool_2
Snake:1:  layout_onion_interference, grunt_megastairs_1
Snake:2:  layout_rooms, nicolae_snake_naga_rites
Snake:3:  nicolae_snake_hallway, layout_basic, guppyfry_library_mini
Snake:4:  johnstein_snake_rune_scales, layout_onion_interference, serial_shops,
          nicolae_shop_statue_plus, grunt_megastairs_4, serial_bayou_shore_b,
          serial_bayou_shore_a
Orc:1:    layout_diamond_mine, serial_shops, shop
Orc:2:    st_orc_rangers, layout_caves, gauntlet_entry_generic, rock_pile,
          uniq_snorg, uniq_saint_roka, uniq_donald
Vaults:1: gammafunk_ghost_cemetery, vaults_room_mumra_shop_pool,
          ontoclasm_vaults_ring_large, v_rooms_4, v_misc_8, vaults_dpeg_ring,
          layout_vaults_chaotic_city, serial_shops, shop, uniq_zenata,
          uniq_asterion
Vaults:2: vaults_dpeg_cross, nicolae_vaults_diagonal_hallway_8,
          hangedman_vaults_snaps, v_misc_19, nicolae_vaults_little_squares_2,
          nicolae_vaults_network_square, vaults_mumra_hex,
          hangedman_vaults_impose, nicolae_vaults_little_ls,
          nicolae_vaults_little_squares_5, layout_vaults_omnigrid, serial_shops,
          nicolae_shop_statue_plus
Vaults:3: hangedman_vaults_stream, nicolae_vaults_inception_statues,
          v_pattern_3, vaults_room_stairs_pillars, v_alt_pattern_5, v_misc_10,
          nicolae_vaults_triangles, v_rooms_3, nicolae_vaults_angled_halls,
          ontoclasm_vaults_idyll, grunt_vaults_hallway_long,
          nicolae_vaults_ring_of_whatevers, grunt_vaults_hallway_short,
          layout_vaults_omnicross
Vaults:4: ontoclasm_vaults_shuriken, vaults_room_fours,
          nicolae_vaults_network_periphery, nicolae_vaults_bisected_inception,
          v_misc_26, nicolae_vaults_mini_display_case, ontoclasm_vaults_idyll,
          v_misc_23, vaults_room_semicircle, hangedman_vaults_impose,
          ontoclasm_vaults_loading_screen, dpeg_vaults_monster_box, v_pattern_2,
          vaults_room_guarded_vault, layout_vaults_omnibox
Vaults:5
Depths:1: layout_forbidden_donut, grunt_hell_horde, corexii_hall_statues_i,
          lightli_gold_pyramid, serial_bayou_shore_b, kennysheep_random_hallway,
          uniq_mara, uniq_sojobo
Depths:2: minmay_expanding_squares, layout_cave_shapes,
          minmay_misc_feat_more_columns, serial_co_window_serial,
          co_window_paths_b, co_window_paths_b, co_window_corner_a,
          co_window_corner_a, co_window_corner_a, co_window_of_opportunity_a,
          co_window_paths_b, co_window_broadway_a, co_window_unsneaky_path_b,
          co_window_2corner, co_window_broadway_a, co_window_corner_cb,
          glass_columns_c, glass_columns_a, glass_columns_a, glass_columns_c,
          glass_columns_c, rand_demon_pan_entry_9, hell_entry
Depths:3: hangedman_screamer, layout_cave_pools, abyss_entry_glasseish,
          hell_entry, minmay_shoptagon, uniq_enchantress
Depths:4: grunt_x_marks_the_spot, layout_gridlike, enter_ziggurat_a,
          serial_shops, shop, nicolae_shop_advertising_works
          [nicolae_subvault_shop_adworks], shop, nicolae_shop_behind_doors,
          nicolae_shop_behind_doors, hell_entry,
          nicolae_abyss_entry_one_way_or_another, serial_bayou_shore_b
Zot:1:    kennysheep_bubbly, layout_basic, gammafunk_ghost_necromancy

Skill      XL: |  1  2  3  4  5  6  7  8  9 10 11 12 13 14 15 16 17 18 19 20 21 22 23 24 |
---------------+-------------------------------------------------------------------------+-----
Axes           | 3 4 5 6 7 8 10 12 14 16 18 20 21 22 23 24 25 26 27 | 27.0
Armour         | 4 5 6 7 8 9 10 11 12 13 14 15 16 17 18 20 | 20.5
Fighting       | 4 5 6 7 8 9 11 12 14 16 17 18 19 21 22 23 25 26 27 | 27.0
Dodging        | 1 2 3 4 5 6 7 8 |  8.7
Shields        | 4 5 |  5.2
Stealth        | 1 3 4 5 6 7 8 10 11 12 13 14 15 16 18 19 | 19.9
Throwing       | 1 3 4 |  4.2

Action                   |  1- 3 |  4- 6 |  7- 9 | 10-12 | 13-15 | 16-18 | 19-21 | 22-24 | 25-27 || total
-------------------------+-------+-------+-------+-------+-------+-------+-------+-------+-------++-------
Melee: War axe           |    73 |   166 |   201 |       |       |       |       |       |       ||   440
       Battleaxe         |       |       |    37 |   361 |   821 |   711 |  1242 |   902 |    69 ||  4143
Throw: Boomerang         |       |       |       |       |       |    14 |    70 |     3 |       ||    87
Evoke: Condenser vane    |       |       |       |       |       |       |     1 |       |       ||     1
  Use: Scroll            |       |     4 |     3 |    15 |     9 |     6 |     9 |     2 |       ||    48
       Potion            |       |       |       |     3 |     5 |     5 |     9 |     5 |     3 ||    30
 Stab: Paralysed         |       |       |    13 |    28 |    82 |    61 |   115 |   134 |     8 ||   441
       Distracted        |       |       |       |       |     1 |       |     9 |     5 |       ||    15
       Invisible         |       |       |       |       |     2 |       |       |       |       ||     2
       Sleeping          |       |       |       |       |       |     1 |       |    12 |     2 ||    15
       Confused          |       |       |       |       |       |       |     2 |       |       ||     2
Armor: Scale mail        |    45 |    22 |       |       |       |       |       |       |       ||    67
       Chain mail        |       |    94 |   136 |   307 |   707 |   382 |   978 |   596 |   124 ||  3324
Dodge: Dodged            |    36 |    67 |    93 |   194 |   457 |   322 |   557 |   383 |    43 ||  2152
Block: Buckler           |    13 |    35 |    52 |       |       |       |       |       |       ||   100

Table legend: (Time is in decaauts)
 A = Elapsed time spent in this place.
 B = Non-inter-level travel time spent in this place.
 C = Inter-level travel time spent in this place.
 D = Time resting spent in this place.
 E = Time spent auto-exploring this place.
 F = Levels seen in this place.
 G = Mean time per level.
                   A        B        C        D        E       F      G
               +--------+--------+--------+--------+--------+-----+--------+
         Total |  52556 |  49398 |   3158 |  11716 |  15785 |  44 | 1194.5 |
       Dungeon |  18331 |  17133 |   1198 |   4469 |   6104 |  15 | 1222.1 |
        Temple |    190 |    169 |     21 |      0 |    143 |   1 |  190.0 |
          Lair |   5690 |   5207 |    483 |    653 |   2533 |   5 | 1138.0 |
         Swamp |   3073 |   2825 |    248 |    486 |   1202 |   4 |  768.2 |
     Snake Pit |   6278 |   6027 |    251 |   1734 |   1463 |   4 | 1569.5 |
  Orcish Mines |   1978 |   1830 |    148 |    559 |    633 |   2 |  989.0 |
        Vaults |   7697 |   7278 |    419 |   1062 |   2321 |   5 | 1539.4 |
        Depths |   7656 |   7269 |    387 |   2250 |   1231 |   4 | 1914.0 |
           Zot |    342 |    342 |      0 |     91 |      0 |   1 |  342.0 |
         Abyss |    348 |    348 |      0 |      0 |      0 |   1 |  348.0 |
        Bailey |    410 |    410 |      0 |     75 |     59 |   1 |  410.0 |
      Ice Cave |    560 |    560 |      0 |    336 |     95 |   1 |  560.0 |
               +--------+--------+--------+--------+--------+-----+--------+

Top non-repeatable levels by time:
Depths:1: 2314 daAuts
 Snake:4: 2275 daAuts
Depths:2: 2078 daAuts
Vaults:3: 1907 daAuts
Vaults:1: 1906 daAuts
Vaults:2: 1871 daAuts
     D:9: 1813 daAuts
    D:12: 1812 daAuts
    D:15: 1786 daAuts
Depths:4: 1741 daAuts
    D:10: 1676 daAuts
    D:14: 1551 daAuts
Depths:3: 1521 daAuts
  Lair:3: 1457 daAuts
Vaults:5: 1431 daAuts
